 Dungeon Crawl Stone Soup version 0.19-a0-1041-g82b1012 (webtiles) character file.

841 JustSomeDude the Ducker (level 7, -11/55 HPs)
             Began as a Demonspawn Monk on July 30, 2016.
             Killed from afar by an electric eel (16 damage)
             ... with a bolt of electricity
             ... on level 6 of the Dungeon.
             The game lasted 00:35:13 (5029 turns).

JustSomeDude the Ducker (Demonspawn Monk)           Turns: 5029, Time: 00:35:18

Health: -11/55     AC: 11    Str: 14    XL:     7   Next: 67%
Magic:  16/16      EV: 15    Int: 11    God:
Gold:   355        SH:  7    Dex: 15    Spells: 0 memorised, 6 levels left

rFire  . . .     SeeInvis .     a - +1 spear
rCold  . . .     Gourm    .     d - +0 steam dragon armour
rNeg   . . .     Faith    .     (no shield)
rPois  .         Spirit   .     G - +0 helmet
rElec  .         Dismiss  .     (no cloak)
rCorr  .         Reflect  +     p - +1 pair of gloves
SustAt .         Harm     .     (no boots)
MR     +....                    B - +4 amulet of reflection
Stlth  ++........               K - ring of protection from magic
                                s - ring of magical power

@: somewhat resistant to hostile enchantments, unstealthy
A: hooves 1, large bone plates 2, demonic guardian 1
a: no special abilities


You were on level 6 of the Dungeon.
You were not hungry.

You visited 1 branch of the dungeon, and saw 6 of its levels.

You collected 355 gold pieces.

Inventory:

Hand Weapons
 a - a +1 spear (weapon)
Armour
 d - a +0 steam dragon armour (worn)
 p - a +1 pair of gloves (worn)
 G - a +0 helmet (worn)
Jewellery
 i - an uncursed amulet of guardian spirit
 s - a ring of magical power (left hand)
 u - an uncursed amulet of dismissal
 B - a +4 amulet of reflection (around neck)
 K - a ring of protection from magic (right hand)
Scrolls
 g - a scroll of enchant weapon
 h - a scroll of magic mapping
 j - 2 scrolls of remove curse
 l - 3 scrolls of identify
 E - a scroll of teleportation
Potions
 e - a potion of ambrosia
 t - a potion of invisibility
 v - 2 potions of agility {unknown}
 x - 2 potions of flight
 z - a potion of haste {unknown}
 H - a potion of resistance {unknown}
 I - a potion of lignification {unknown}
Books
 w - a book of Unlife

   Spells                             Type                      Level
   a - Recall                         Summoning/Translocation      3
   b - Animate Dead                   Necromancy                   4
   c - Control Undead                 Necromancy                   4
   d - Cigotuvi's Embrace             Necromancy                   5
   e - Death Channel                  Necromancy                   6
   f - Simulacrum                     Ice/Necromancy               6
 A - a book of Frost

   Spells                             Type                      Level
   a - Freeze                         Ice                          1
   b - Throw Frost                    Conjuration/Ice              2
   c - Ozocubu's Armour               Charms/Ice                   3
   d - Throw Icicle                   Conjuration/Ice              4
   e - Summon Ice Beast               Ice/Summoning                4
 C - a book of Air

   Spells                             Type                      Level
   a - Shock                          Conjuration/Air              1
   b - Swiftness                      Charms/Air                   2
   c - Repel Missiles                 Charms/Air                   2
   d - Static Discharge               Conjuration/Air              3
   e - Lightning Bolt                 Conjuration/Air              5
Comestibles
 c - 5 bread rations
 k - 5 meat rations
 F - a fruit
 J - 5 chunks of flesh


   Skills:
 + Level 4.5 Fighting
 + Level 4.3 Polearms
 + Level 2.9 Armour
 + Level 5.1 Dodging
 + Level 3.8 Stealth


You had 6 spell levels left.
You didn't know any spells.

Dungeon Overview and Level Annotations

Branches:
Dungeon (6/15)
 Temple: D:4-7

Altars:
Cheibriados
Qazlal
Xom


Innate Abilities, Weirdness & Mutations

You have large cloven feet.
You are mostly covered in large bone plates. (AC +3, SH +3)
A weak demonic guardian rushes to your aid.


Message History

The electric eel shoots out a bolt of lightning at you!
The bolt of electricity hits your iron imp.
Your iron imp resists.
The bolt of electricity hits you!
* * * LOW HITPOINT WARNING * * *
Your iron imp barely misses the electric eel.
Unknown command.
Unknown command.
Unknown command.
Unknown command.
Unknown command.
Unknown command.
Unknown command.
The electric eel shoots out a bolt of lightning at you!
The bolt of electricity hits your iron imp.
Your iron imp resists.
The bolt of electricity hits you!
* * * LOW HITPOINT WARNING * * *
The bolt of electricity hits you!
You die...

........#
#.....##.######
###.###.# #..<..##.###
.###.###.###.#.#.#....#
......................#
......................#
#######..#####.#.#.####
#..# #.#.#.#
###..#####.#.#..
####....@.....#.##.#
........♣♣♣♣≈♣... ..
####.#5♣≈≈♣ ♣. .##
♣♣;;P≈≈≈≈≈ ♣P≈≈≈≈≈≈≈P≈≈
≈≈≈≈≈ ≈≈≈≈≈P≈ P≈≈≈≈≈
P≈≈≈≈≈≈ ♣≈≈≈≈≈≈ ≈≈≈≈.≈≈
.≈P♣≈≈≈ .......


You could see 2 electric eels and a friendly iron imp.

Vanquished Creatures
  A steam dragon (D:5)
  A big kobold (D:4)
  A water moccasin zombie (D:5)
  A scorpion (D:5)
  An orc priest (D:3)
  An orc wizard (D:3)
  A centaur skeleton (D:4)
  Ijyb (D:3)
  A giant frog skeleton (D:5)
  Jessica (D:3)
  3 worker ants
  4 gnolls (D:3)
  8 adders
  An ooze (D:2)
  A worm (D:4)
  2 dart slugs (D:1)
  4 giant geckos
  5 orcs
  7 giant cockroaches
  8 goblins
  7 hobgoblins
  4 jackals (D:4)
  3 ball pythons
  13 bats
  A giant cockroach zombie (D:5)
  4 giant newts
  28 kobolds
  A quokka skeleton (D:4)
  9 rats
123 creatures vanquished.

Vanquished Creatures (collateral kills)
  A centaur (D:5)
  A giant frog (D:6)
  A worker ant (D:5)
  A kobold (D:4)
4 creatures vanquished.

Vanquished Creatures (others)
  A fungus (D:5)
  2 plants (D:4)
3 creatures vanquished.

Grand Total: 130 creatures vanquished

Notes
Turn   | Place    | Note
-------+----------+-------------------------------------------
     0 | D:1      | JustSomeDude the Demonspawn Monk began the quest for the Orb.
     0 | D:1      | Reached XP level 1. HP: 18/18 MP: 1/1
   336 | D:1      | Gained mutation: You are partially covered in large bone plates. (AC +2, SH +2) [demonic ancestry]
   336 | D:1      | Reached XP level 2. HP: 22/24 MP: 2/2
   357 | D:1      | Reached skill level 3 in Dodging
   536 | D:1      | Found a snail-covered altar of Cheibriados.
   610 | D:1      | Reached XP level 3. HP: 27/29 MP: 3/3
  1614 | D:2      | Reached XP level 4. HP: 35/35 MP: 4/4
  2063 | D:3      | Reached skill level 4 in Dodging
  2063 | D:3      | Gained mutation: A weak demonic guardian rushes to your aid. [demonic ancestry]
  2063 | D:3      | Reached XP level 5. HP: 21/42 MP: 3/5
  2371 | D:3      | Noticed Jessica
  2414 | D:3      | Reached skill level 1 in Armour
  2479 | D:3      | Noticed Ijyb
  2490 | D:3      | Killed Jessica
  2509 | D:3      | Killed Ijyb
  2716 | D:3      | Gained mutation: You have large cloven feet. [demonic ancestry]
  2716 | D:3      | Reached XP level 6. HP: 28/48 MP: 2/6
  4026 | D:5      | Entered Level 5 of the Dungeon
  4059 | D:5      | Gained mutation: You are mostly covered in large bone plates. (AC +3, SH +3) [demonic ancestry]
  4059 | D:5      | Reached XP level 7. HP: 54/55 MP: 7/7
  4142 | D:5      | Found a shimmering altar of Xom.
  4142 | D:5      | Found a shimmering altar of Xom.
  4142 | D:5      | Found a shimmering altar of Xom.
  4142 | D:5      | Found a shimmering altar of Xom.
  4142 | D:5      | Found a shimmering altar of Xom.
  4468 | D:5      | Found a stormy altar of Qazlal.
  4656 | D:5      | Found a shimmering altar of Xom.
  4656 | D:5      | Found a shimmering altar of Xom.
  4788 | D:5      | Noticed a steam dragon
  4789 | D:5      | Noticed a steam dragon
  4845 | D:5      | Killed a steam dragon
  4845 | D:5      | Reached skill level 5 in Dodging
  5029 | D:6      | Killed from afar by an electric eel

Vault maps used:
D:1:      arrival_zaba_pyramid, serial_bayou_pond_b, cheibriados_altar_1
D:2:      first_bread
D:3:      uniq_jessica, uniq_iyjb
D:4:      kennysheep_kobold_camp
D:5:      kennysheep_steamy, kennysheep_mini, minivault_14,
          nicolae_xom_altar_mimics
D:6:      nicolae_overflow_crystal_walls, serial_bayou_ford_a,
          nicolae_ru_awakened_eye

Skill      XL: |  1  2  3  4  5  6  7 |
---------------+----------------------+-----
Dodging        | 3 4 5 |  5.1
Stealth        | 2 3 |  3.8
Polearms       | 3 4 |  4.3
Armour         | 1 2 |  2.9
Fighting       | 4 |  4.5

Action                   |  1- 3 |  4- 6 |  7- 9 || total
-------------------------+-------+-------+-------++-------
Melee: Spear             |   195 |   380 |   123 ||   698
       Kick              |       |    49 |    34 ||    83
  Use: Scroll            |       |     7 |     4 ||    11
       Potion            |       |     2 |     6 ||     8
 Stab: Sleeping          |     2 |     6 |     3 ||    11
       Distracted        |     1 |     2 |       ||     3
       Invisible         |       |       |     7 ||     7
  Eat: Chunk             |     2 |     6 |     4 ||    12
       Beef jerky        |       |     1 |       ||     1
       Fruit             |       |     1 |       ||     1
Armor: Robe              |    48 |       |       ||    48
       Ring mail         |    12 |    93 |    23 ||   128
       Steam dragon armo |       |       |     1 ||     1
Dodge: Dodged            |   108 |   157 |    75 ||   340
Block: Other             |     5 |    16 |    14 ||    35
